 Dungeon Crawl Stone Soup version 0.22-a0-274-gf8199ec (webtiles) character file.

47975 tidbits the Martial Artist (level 14, -7/108 HPs)
             Began as a Gnoll Transmuter on Mar 14, 2018.
             Was a Priest of Cheibriados.
             Mangled by a merfolk impaler
             ... wielding a +2 vampiric trident
              (9 damage)
             ... on level 3 of the Shoals.
             The game lasted 01:12:20 (5337 turns).

tidbits the Martial Artist (Gnoll Transmuter)       Turns: 5337, Time: 01:12:21

Health: -7/108     AC:  7    Str: 20    XL:     14   Next: 44%
Magic:  10/28      EV: 11    Int: 28    God:    Cheibriados [***...]
Gold:   394        SH:  0    Dex: 25    Spells: 14/33 levels left

rFire    . . .     SeeInvis .     - Unarmed
rCold    . . .     Gourm    .   (no shield)
rNeg     . . .     Faith    .   B - +0 troll leather armour
rPois    .         Spirit   .   (no helmet)
rElec    .         Reflect  .   C - +0 cloak
rCorr    .         Harm     .   (no gloves)
MR       +....                  (no boots)
Stlth    ++++......             R - amulet of regeneration
HPRegen  1.08/turn              L - ring of flight
MPRegen  0.21/turn              W - ring of wizardry

@: held, slowed, very slow
A: distributed training, fangs 1, hooves 1, blurry vision 1, strong nose
a: Bend Time, Temporal Distortion, Renounce Religion, Evoke Flight


You were on level 3 of the Shoals.
You worshipped Cheibriados.
Cheibriados was most pleased with you.
You were very hungry.

You visited 5 branches of the dungeon, and saw 20 of its levels.
You also visited: Bailey and Volcano.

You collected 1550 gold pieces.
You spent 1156 gold pieces at shops.

Inventory:

Hand Weapons
 e - a +4 shortbow of flaming
   (You took it off a salamander in a volcano)
 f - a +0 dire flail of holy wrath
   (You found it on level 8 of the Dungeon)
 v - a +2 battleaxe of flaming
   (You found it in a volcano)
 w - a +0 great sword of flaming
   (You found it in a volcano)
 M - a +1 flail of protection
   (You took it off an orc on level 11 of the Dungeon)
 S - a +1 dagger of venom
   (You took it off an orc on level 1 of the Orcish Mines)
Missiles
 d - 155 stones
 h - 66 tomahawks of returning (quivered)
 n - 2 throwing nets {!f}
 s - 33 arrows
Armour
 o - a +1 robe of fire resistance
   (You took it off a wight on level 11 of the Dungeon)
 B - a +0 troll leather armour (worn)
 C - a +0 cloak (worn)
 K - a scarf of cloud immunity
   (You found it on level 7 of the Dungeon)
 N - a +2 ring mail of positive energy
   (You took it off an orc on level 11 of the Dungeon)
 O - a +2 robe of fire resistance
   (You found it on level 2 of the Orcish Mines)
 T - a +2 leather armour of cold resistance
   (You took it off an orc priest on level 5 of the Dungeon)
 V - a cursed -1 leather armour
 Y - a +4 ring mail of fire resistance
   (You found it in a volcano)
Jewellery
 t - an uncursed ring of protection from fire
   (You found it on level 10 of the Dungeon)
 G - an uncursed ring of positive energy
   (You found it on level 11 of the Dungeon)
 L - a ring of flight (left hand)
   (You found it on level 10 of the Dungeon)
 P - an uncursed ring of poison resistance
   (You found it on level 12 of the Dungeon)
 R - an amulet of regeneration (around neck)
   (You found it on level 8 of the Dungeon)
 W - a ring of wizardry (right hand)
   (You found it on level 6 of the Dungeon)
Wands
 b - a wand of disintegration (8)
 u - a wand of enslavement (4)
 y - a wand of polymorph (12)
 X - a wand of iceblast (2)
Scrolls
 a - 2 scrolls of magic mapping
 g - 5 scrolls of teleportation
 j - 2 scrolls of blinking
 k - 4 scrolls of enchant weapon
 l - a scroll of holy word
 m - a scroll of acquirement {unknown}
 r - a scroll of remove curse
 A - 3 scrolls of fear
 F - a scroll of immolation
 H - 2 scrolls of amnesia
 Q - 4 scrolls of fog
Potions
 i - 3 potions of brilliance {unknown}
 p - 5 potions of curing
 q - a potion of lignification
 x - a potion of ambrosia {unknown}
 z - 3 potions of magic
 D - a potion of might
 E - a potion of flight {unknown}
 I - a potion of resistance
 J - 2 potions of heal wounds {unknown}
 Z - 5 potions of mutation {!q}
Miscellaneous
 U - a fan of gales
Comestibles
 c - 15 rations


   Skills:
 + Level 9.4 Fighting
 + Level 9.1 Short Blades
 + Level 9.1 Long Blades
 + Level 9.1 Axes
 + Level 9.1 Maces & Flails
 + Level 9.1 Polearms
 + Level 9.1 Staves
 + Level 9.1 Slings
 + Level 9.1 Bows
 + Level 9.1 Crossbows
 + Level 9.1 Throwing
 + Level 9.1 Armour
 + Level 10.1 Dodging
 + Level 9.1 Stealth
 + Level 9.1 Shields
 + Level 11.0 Unarmed Combat
 + Level 10.3 Spellcasting
 + Level 7.5 Conjurations
 + Level 7.5 Hexes
 + Level 7.5 Charms
 + Level 7.5 Summonings
 + Level 7.5 Necromancy
 + Level 7.5 Translocations
 + Level 8.5 Transmutations
 + Level 7.5 Fire Magic
 + Level 7.5 Ice Magic
 + Level 7.5 Air Magic
 + Level 7.5 Earth Magic
 + Level 7.5 Poison Magic
 + Level 9.9 Invocations
 + Level 9.1 Evocations


You had 14 spell levels left.
You knew the following spells:

 Your Spells              Type           Power        Failure   Level  Hunger
e - Beastly Appendage     Tmut           ######       1%          1    None
h - Blade Hands           Tmut           ######....   1%          5    ###....
i - Ice Form              Ice/Tmut       ######..     1%          4    None
k - Sticks to Snakes      Tmut           ######..     1%          2    None
p - Spider Form           Tmut/Pois      ######....   1%          3    None
L - Summon Lightning Spi  Summ/Air       ######..     1%          4    None


Dungeon Overview and Level Annotations

Branches:
Dungeon (12/15)            Temple (1/1) D:5            Lair (2/6) D:8
 Shoals (3/4) Lair:2          Orc (2/2) D:11            Elf (0/3) Orc:2
  Snake: Lair:2-4    Spider: Lair:2-4

Altars:
Cheibriados
Elyvilon
Gozag
Hepliaklqana
Qazlal
Uskayaw
Xom
Beogh

Shops:
D:7 *   Orc:1 ?   Orc:2 %?:}

Annotations:
D:8 lair


Innate Abilities, Weirdness & Mutations

Your experience applies equally to all skills.
You have very sharp teeth.
Your uncanny sense of smell can sniff out nearby items.
You have large cloven feet.
Scrolls take you a little longer to read.


Message History

A merfolk comes into view. It is wielding a halberd.
You can feel time thicken for a moment.
You kill the manticore!
Cheibriados thoroughly appreciates the change of pace.
You break out of your daze!
You kill the merfolk siren!
Cheibriados appreciates the change of pace.
You hear a splash.
You feel somewhat more hungry.
You can no longer inflict damage on those overly hasty.
Cheibriados lowers the support of your attributes as your movement quickens.
Something hits the bush.
The sea snake bites you!
The merfolk throws a tomahawk.
The tomahawk hits you!
The satyr unwields an uncursed quarterstaff.
The satyr wields an uncursed longbow.
The satyr shoots an arrow.
The arrow hits you!!
* * * LOW HITPOINT WARNING * * *
A merfolk impaler comes into view. It is wielding a vampiric trident.
Evoke which item? (* to show all) (? for menu, Esc to quit)
Aiming: Iceblast
Press: ? - help, Shift-Dir - straight line, f - merfolk
Aim: a merfolk, wielding a halberd (severely wounded)
The mass of ice explodes!
The iceblast engulfs the merfolk.
You kill the merfolk!
Cheibriados thoroughly appreciates the change of pace.
You hear a splash. x2
The iceblast engulfs the merfolk impaler.
The merfolk impaler is lightly wounded.
The iceblast engulfs the merfolk.
The merfolk is severely wounded.
You hear a shout!
Something hits the bush.
The sea snake completely misses you.
A merfolk and a faun come into view.
Unknown command.
Evoke which item? (* to show all) (? for menu, Esc to quit)
Aiming: Iceblast
Press: ? - help, Shift-Dir - straight line The mass of ice explodes!
The iceblast engulfs the faun.
The faun is heavily wounded.
The iceblast engulfs the merfolk impaler.
The merfolk impaler is heavily wounded.
You hear an angry hiss.
The sea snake completely misses you.
Unknown command.
Unknown command.
Evoke which item? (* to show all) (? for menu, Esc to quit)
Okay, then.
Unknown command.
Evoke which item? (* to show all) (? for menu, Esc to quit)
Aiming: Iceblast
Press: ? - help, Shift-Dir - straight line, f - merfolk impaler
Aim: a merfolk impaler, wielding a vampiric trident and wearing a glowing robe (heavily wounded)
The mass of ice explodes!
The iceblast engulfs the merfolk impaler.
The merfolk impaler is severely wounded.
The iceblast engulfs the merfolk.
You kill the merfolk!
Cheibriados appreciates the change of pace.
You hear a splash.
The sea snake misses you.
The faun unwields an uncursed club.
The faun wields a hunting sling.
The faun shoots a stone.
The stone completely misses you.
The stone barely misses the sea snake.
The merfolk throws a throwing net.
The throwing net misses you.
Your lightning spire shoots out a bolt of lightning at the sea snake!
The bolt of electricity hits the sea snake.
The sea snake dies!
Cheibriados thoroughly appreciates the change of pace.
You can now inflict damage on those overly hasty.
Cheibriados raises the support of your attributes as your movement slows.
The merfolk impaler hits you from afar with a vampiric trident.
Something hits the bush!
The satyr shoots an arrow.
The arrow hits you!
* * * LOW HITPOINT WARNING * * *
Unknown command.
Okay, then.
Unknown command.
Okay, then.
Unknown command.
Unknown command.
Evoke which item? (* to show all) (? for menu, Esc to quit)
Aiming: Enslavement
Press: ? - help, Shift-Dir - straight line, f/p - merfolk impaler
Aim: a merfolk impaler, wielding a vampiric trident and wearing a glowing robe (severely wounded, chance to defeat MR: 53%)
The merfolk impaler resists with almost no effort.
The merfolk impaler closely misses you.
The merfolk throws a throwing net.
The throwing net hits you.
You become entangled in the net!
The faun casts a spell at you.
You feel yourself slow down.
The merfolk impaler hits you from afar with a vampiric trident!
* * * LOW HITPOINT WARNING * * *
The merfolk impaler draws strength from your wounds!
A merfolk aquamancer comes into view. It is wielding a rapier.
You can feel time thicken for a moment.
You are feeling very hungry.
You can no longer inflict damage on those overly hasty.
Cheibriados lowers the support of your attributes as your movement quickens.
You carefully extract the barbed spikes from your body.
The satyr shoots an arrow.
The arrow hits you!!
* * * LOW HITPOINT WARNING * * *
The merfolk impaler hits you from afar with a vampiric trident!
You die...

...P........#
PPPP........#
.........m..#
............# .
............##..
........<......≈
.......<..(..#..
.....≈≈..(8..##.
....≈≈)≈@(†.....
..m≈≈≈m....≈≈≈≈≈
≈≈≈))≈≈.≈≈≈≈≈≈≈≈
≈≈≈c≈≈≈≈≈≈†≈≈≈≈≈
.≈≈c≈≈≈≈≈≈≈≈≈≈≈≈
≈≈≈c≈≈≈≈≈≈≈≈≈≈≈≈
≈≈≈≈≈≈≈≈≈≈≈≈≈≈≈
≈≈≈≈≈≈≈≈≈≈≈≈≈≈≈


You could see a merfolk impaler, a satyr, a merfolk aquamancer, a merfolk, 2
fauns and a friendly lightning spire.

Vanquished Creatures
  The ghost of galech the Brawler, a journeyman TrMo of Okawaru (D:12)
  A fire dragon (Volcano)
  2 merfolk impalers (Shoals:2)
  Erolcha (Orc:2)
  A merfolk avatar (Shoals:3)
  The ghost of tidbits the Thaumaturge, a journeyman GnIE of Cheibriados (Shoals:1)
  3 two-headed ogres
  A queen ant (D:11)
  The ghost of Nr616 the Fencer, a novice MiBe of Trog (D:9)
  3 orc high priests (Orc:2)
  2 sea snakes (Shoals:2)
  An unseen horror (D:11)
  6 orc knights
  3 orc sorcerers (Orc:2)
  4 fauns (Shoals:2)
  9 harpies (Shoals:2)
  3 slime creatures (D:12)
  3 salamanders (Volcano)
  3 manticores
  2 merfolk sirens
  Psyche (D:8)
  A gargoyle (D:10)
  A spiny frog (Lair:2)
  A komodo dragon (Lair:2)
  5 trolls
  A wind drake (Shoals:1)
  9 merfolk
  3 snapping turtles
  2 hippogriffs
  9 yaks
  4 hogs (D:7)
  4 water elementals (Shoals:2)
  4 wyverns (Volcano)
  A hungry ghost (D:12)
  5 fire bats
  A human (D:7)
  5 vampire mosquitoes (D:12)
  3 steam dragons
  A warg (Orc:1)
  2 insubstantial wisps (D:12)
  8 soldier ants (D:11)
  2 water moccasins
  3 swamp drakes (D:12)
  A black bear (D:9)
  24 orc warriors
  3 porcupines (D:8)
  2 sky beasts
  3 ice beasts
  An eye of draining (D:10)
  2 centaurs (D:9)
  12 ogres
  10 crocodiles
  A big kobold (D:11)
  5 bullfrogs
  A water moccasin zombie (D:11)
  3 scorpions
  2 wyvern skeletons
  4 killer bees (D:8)
  3 wights (D:11)
  2 crimson imps
  A bullfrog zombie (D:10)
  2 quasits
  4 hounds
  A jelly (D:10)
  A centaur skeleton (D:10)
  2 gnoll shamans (D:8)
  16 orc priests
  13 orc wizards
  An iguana (D:7)
  30 worker ants
  A killer bee zombie (D:7)
  A hound zombie (D:11)
  A hound skeleton (D:11)
  A worker ant zombie (D:5)
  A howler monkey zombie (D:8)
  5 adders
  21 gnolls
  2 shadow imps
  An adder zombie (D:5)
  An adder skeleton (D:8)
  A leopard gecko (D:2)
  75 orcs
  2 giant cockroaches
  8 goblins
  17 hobgoblins
  2 jackals (D:8)
  14 kobolds
  2 quokkas (D:8)
  A bat (D:2)
  A frilled lizard (D:2)
  2 quokka skeletons
  A rat (D:2)
  A plant (D:12)
439 creatures vanquished.

Vanquished Creatures (collateral kills)
  A merfolk aquamancer (Shoals:2)
  2 sea snakes
  An orc knight (Orc:2)
  3 manticores
  A slime creature (D:12)
  A faun (Shoals:2)
  A centaur skeleton (D:12)
  A merfolk siren (Shoals:2)
  3 merfolk
  A vampire (D:9)
  An orc warrior (Orc:2)
  2 necrophages
  An ogre (D:7)
  A howler monkey (D:7)
  2 orc priests (Orc:2)
  An orc wizard (D:9)
  A howler monkey zombie (D:7)
  A gnoll (D:8)
25 creatures vanquished.

Vanquished Creatures (others)
  An orc sorcerer (Orc:2)
  A fire bat (Volcano)
  An orc priest (Orc:1)
  7 plants
10 creatures vanquished.

Grand Total: 474 creatures vanquished

Notes
Turn   | Place    | Note
-------+----------+-------------------------------------------
     0 | D:1      | tidbits the Gnoll Transmuter began the quest for the Orb.
     0 | D:1      | Reached XP level 1. HP: 17/17 MP: 6/6
   115 | D:2      | Reached XP level 2. HP: 11/23 MP: 7/7
   119 | D:2      | Learned a level 2 spell: Sticks to Snakes
   289 | D:2      | Reached skill level 5 in Spellcasting
   289 | D:2      | Reached XP level 3. HP: 20/28 MP: 4/9
   294 | D:2      | Learned a level 3 spell: Spider Form
   303 | D:3      | Reached skill level 1 in Invocations
   357 | D:5      | Entered Level 5 of the Dungeon
   382 | D:5      | Noticed an ogre
   390 | D:5      | Killed an ogre
   390 | D:5      | Reached skill level 1 in Short Blades
   390 | D:5      | Reached skill level 1 in Long Blades
   390 | D:5      | Reached skill level 1 in Axes
   390 | D:5      | Reached skill level 1 in Maces & Flails
   390 | D:5      | Reached skill level 1 in Polearms
   390 | D:5      | Reached skill level 1 in Staves
   390 | D:5      | Reached skill level 1 in Slings
   390 | D:5      | Reached skill level 1 in Bows
   390 | D:5      | Reached skill level 1 in Crossbows
   390 | D:5      | Reached skill level 1 in Throwing
   390 | D:5      | Reached skill level 1 in Armour
   390 | D:5      | Reached skill level 1 in Stealth
   390 | D:5      | Reached skill level 1 in Shields
   390 | D:5      | Reached skill level 1 in Conjurations
   390 | D:5      | Reached skill level 1 in Hexes
   390 | D:5      | Reached skill level 1 in Charms
   390 | D:5      | Reached skill level 1 in Summonings
   390 | D:5      | Reached skill level 1 in Necromancy
   390 | D:5      | Reached skill level 1 in Translocations
   390 | D:5      | Reached skill level 1 in Fire Magic
   390 | D:5      | Reached skill level 1 in Ice Magic
   390 | D:5      | Reached skill level 1 in Air Magic
   390 | D:5      | Reached skill level 1 in Earth Magic
   390 | D:5      | Reached skill level 1 in Poison Magic
   390 | D:5      | Reached skill level 1 in Evocations
   390 | D:5      | Reached XP level 4. HP: 17/34 MP: 2/11
   390 | D:5      | Reached XP level 5. HP: 20/40 MP: 2/12
   448 | D:5      | Reached skill level 3 in Fighting
   448 | D:5      | Reached skill level 4 in Transmutations
   461 | D:5      | Noticed a centaur
   465 | D:5      | Found a staircase to the Ecumenical Temple.
   474 | Temple   | Entered the Ecumenical Temple
   493 | Temple   | Became a worshipper of Cheibriados the Contemplative
   534 | D:5      | Reached skill level 2 in Invocations
   534 | D:5      | Reached XP level 6. HP: 28/47 MP: 8/13
   641 | D:7      | Reached skill level 5 in Dodging
   644 | D:7      | Reached skill level 2 in Short Blades
   644 | D:7      | Reached skill level 2 in Long Blades
   644 | D:7      | Reached skill level 2 in Axes
   644 | D:7      | Reached skill level 2 in Maces & Flails
   644 | D:7      | Reached skill level 2 in Polearms
   644 | D:7      | Reached skill level 2 in Staves
   644 | D:7      | Reached skill level 2 in Slings
   644 | D:7      | Reached skill level 2 in Bows
   644 | D:7      | Reached skill level 2 in Crossbows
   644 | D:7      | Reached skill level 2 in Throwing
   644 | D:7      | Reached skill level 2 in Armour
   644 | D:7      | Reached skill level 2 in Stealth
   644 | D:7      | Reached skill level 2 in Shields
   644 | D:7      | Reached skill level 2 in Evocations
   662 | D:7      | Reached XP level 7. HP: 49/52 MP: 6/15
   672 | D:7      | Found Zubios's Assorted Antiques.
   691 | D:7      | Bought a scroll labeled PUNGYCU LAKKI for 26 gold pieces
   691 | D:7      | Bought a scroll labeled TOUBOU LERGH for 26 gold pieces
   691 | D:7      | Bought a scroll labeled GUEPIP VUAKOXA for 26 gold pieces
   722 | D:7      | Reached skill level 7 in Unarmed Combat
   728 | D:7      | Noticed a steam dragon
   740 | D:7      | Reached skill level 2 in Conjurations
   740 | D:7      | Reached skill level 2 in Hexes
   740 | D:7      | Reached skill level 2 in Charms
   740 | D:7      | Reached skill level 2 in Summonings
   740 | D:7      | Reached skill level 2 in Necromancy
   740 | D:7      | Reached skill level 2 in Translocations
   740 | D:7      | Reached skill level 2 in Fire Magic
   740 | D:7      | Reached skill level 2 in Ice Magic
   740 | D:7      | Reached skill level 2 in Air Magic
   740 | D:7      | Reached skill level 2 in Earth Magic
   740 | D:7      | Reached skill level 2 in Poison Magic
   749 | D:7      | Killed a steam dragon
   779 | D:6      | Found a hide-covered altar of Uskayaw.
   779 | D:6      | Noticed a hand axe
   779 | D:6      | Noticed a dagger
   796 | D:7      | Found an opulent altar of Gozag.
   825 | D:8      | Reached * piety under Cheibriados
   825 | D:8      | Reached skill level 3 in Invocations
   848 | D:7      | HP: 5/52 [poisoned by a scorpion]
   854 | D:7      | HP: 5/52 [poisoned by a scorpion]
   859 | D:7      | HP: 5/52 [poisoned by a scorpion]
   868 | D:7      | HP: 5/52 [poisoned by a scorpion]
   878 | D:7      | HP: 4/52 [iguana (3)]
   911 | D:8      | Noticed a yak
   935 | D:7      | Learned a level 4 spell: Ice Form
   948 | D:7      | Reached XP level 8. HP: 25/59 MP: 12/16
   963 | D:7      | Reached skill level 4 in Fighting
   963 | D:7      | Reached skill level 3 in Short Blades
   963 | D:7      | Reached skill level 3 in Long Blades
   963 | D:7      | Reached skill level 3 in Axes
   963 | D:7      | Reached skill level 3 in Maces & Flails
   963 | D:7      | Reached skill level 3 in Polearms
   963 | D:7      | Reached skill level 3 in Staves
   963 | D:7      | Reached skill level 3 in Slings
   963 | D:7      | Reached skill level 3 in Bows
   963 | D:7      | Reached skill level 3 in Crossbows
   963 | D:7      | Reached skill level 3 in Throwing
   963 | D:7      | Reached skill level 3 in Armour
   963 | D:7      | Reached skill level 3 in Stealth
   963 | D:7      | Reached skill level 3 in Shields
   963 | D:7      | Reached skill level 3 in Evocations
  1021 | D:7      | Reached skill level 6 in Spellcasting
  1069 | D:7      | HP: 6/72 [hog (13)]
  1070 | D:7      | Reached skill level 6 in Dodging
  1070 | D:7      | Reached skill level 3 in Conjurations
  1070 | D:7      | Reached skill level 3 in Hexes
  1070 | D:7      | Reached skill level 3 in Charms
  1070 | D:7      | Reached skill level 3 in Summonings
  1070 | D:7      | Reached skill level 3 in Necromancy
  1070 | D:7      | Reached skill level 3 in Translocations
  1070 | D:7      | Reached skill level 3 in Fire Magic
  1070 | D:7      | Reached skill level 3 in Ice Magic
  1070 | D:7      | Reached skill level 3 in Air Magic
  1070 | D:7      | Reached skill level 3 in Earth Magic
  1070 | D:7      | Reached skill level 3 in Poison Magic
  1070 | D:7      | Reached skill level 4 in Invocations
  1070 | D:7      | Reached XP level 9. HP: 6/65 MP: 18/18
  1216 | D:6      | Learned a level 5 spell: Blade Hands
  1331 | D:8      | Reached skill level 5 in Transmutations
  1349 | D:8      | Reached skill level 4 in Short Blades
  1349 | D:8      | Reached skill level 4 in Long Blades
  1349 | D:8      | Reached skill level 4 in Axes
  1349 | D:8      | Reached skill level 4 in Maces & Flails
  1349 | D:8      | Reached skill level 4 in Polearms
  1349 | D:8      | Reached skill level 4 in Staves
  1349 | D:8      | Reached skill level 4 in Slings
  1349 | D:8      | Reached skill level 4 in Bows
  1349 | D:8      | Reached skill level 4 in Crossbows
  1349 | D:8      | Reached skill level 4 in Throwing
  1349 | D:8      | Reached skill level 4 in Armour
  1349 | D:8      | Reached skill level 4 in Stealth
  1349 | D:8      | Reached skill level 4 in Shields
  1349 | D:8      | Reached skill level 4 in Evocations
  1385 | D:8      | Reached ** piety under Cheibriados
  1386 | D:8      | Reached skill level 5 in Fighting
  1446 | D:8      | Found a staircase to the Lair.
  1466 | Lair:1   | Entered Level 1 of the Lair of Beasts
  1494 | D:8      | Reached skill level 8 in Unarmed Combat
  1530 | D:8      | Found a stormy altar of Qazlal.
  1661 | D:8      | Reached skill level 5 in Invocations
  1724 | D:9      | Noticed Nr616's ghost (novice MiBe)
  1761 | D:9      | Reached XP level 10. HP: 56/73 MP: 10/20
  1767 | D:9      | Reached skill level 7 in Spellcasting
  1769 | D:9      | Reached skill level 4 in Conjurations
  1769 | D:9      | Reached skill level 4 in Hexes
  1769 | D:9      | Reached skill level 4 in Charms
  1769 | D:9      | Reached skill level 4 in Summonings
  1769 | D:9      | Reached skill level 4 in Necromancy
  1769 | D:9      | Reached skill level 4 in Translocations
  1769 | D:9      | Reached skill level 4 in Fire Magic
  1769 | D:9      | Reached skill level 4 in Ice Magic
  1769 | D:9      | Reached skill level 4 in Air Magic
  1769 | D:9      | Reached skill level 4 in Earth Magic
  1769 | D:9      | Reached skill level 4 in Poison Magic
  1787 | D:10     | Entered Level 10 of the Dungeon
  1834 | D:10     | Reached skill level 5 in Short Blades
  1834 | D:10     | Reached skill level 5 in Long Blades
  1834 | D:10     | Reached skill level 5 in Axes
  1834 | D:10     | Reached skill level 5 in Maces & Flails
  1834 | D:10     | Reached skill level 5 in Polearms
  1834 | D:10     | Reached skill level 5 in Staves
  1834 | D:10     | Reached skill level 5 in Slings
  1834 | D:10     | Reached skill level 5 in Bows
  1834 | D:10     | Reached skill level 5 in Crossbows
  1834 | D:10     | Reached skill level 5 in Throwing
  1834 | D:10     | Reached skill level 5 in Armour
  1834 | D:10     | Reached skill level 5 in Stealth
  1834 | D:10     | Reached skill level 5 in Shields
  1834 | D:10     | Reached skill level 5 in Evocations
  1921 | D:9      | Reached *** piety under Cheibriados
  2063 | D:9      | Reached skill level 7 in Dodging
  2151 | D:9      | Reached skill level 6 in Fighting
  2371 | D:10     | Noticed a gargoyle
  2379 | D:10     | Killed a gargoyle
  2379 | D:10     | Reached skill level 6 in Transmutations
  2379 | D:10     | Reached skill level 6 in Invocations
  2398 | D:10     | Noticed a two-headed ogre
  2402 | D:10     | Reached **** piety under Cheibriados
  2406 | D:10     | Killed a two-headed ogre
  2420 | D:10     | Reached XP level 11. HP: 49/81 MP: 9/22
  2469 | D:10     | Found a roughly hewn altar of Beogh.
  2663 | D:11     | Found a staircase to the Orcish Mines.
  2708 | D:11     | Noticed a manticore
  2710 | Orc:1    | Entered Level 1 of the Orcish Mines
  2764 | Orc:2    | Entered Level 2 of the Orcish Mines
  2779 | Orc:1    | Found Lobb's Magic Scroll Boutique.
  2786 | Orc:1    | Reached ***** piety under Cheibriados
  2792 | Orc:1    | Reached skill level 9 in Unarmed Combat
  2795 | Orc:1    | Reached skill level 6 in Short Blades
  2795 | Orc:1    | Reached skill level 6 in Long Blades
  2795 | Orc:1    | Reached skill level 6 in Axes
  2795 | Orc:1    | Reached skill level 6 in Maces & Flails
  2795 | Orc:1    | Reached skill level 6 in Polearms
  2795 | Orc:1    | Reached skill level 6 in Staves
  2795 | Orc:1    | Reached skill level 6 in Slings
  2795 | Orc:1    | Reached skill level 6 in Bows
  2795 | Orc:1    | Reached skill level 6 in Crossbows
  2795 | Orc:1    | Reached skill level 6 in Throwing
  2795 | Orc:1    | Reached skill level 6 in Armour
  2795 | Orc:1    | Reached skill level 6 in Stealth
  2795 | Orc:1    | Reached skill level 6 in Shields
  2795 | Orc:1    | Reached skill level 6 in Evocations
  2824 | Orc:1    | Reached skill level 5 in Conjurations
  2824 | Orc:1    | Reached skill level 5 in Hexes
  2824 | Orc:1    | Reached skill level 5 in Charms
  2824 | Orc:1    | Reached skill level 5 in Summonings
  2824 | Orc:1    | Reached skill level 5 in Necromancy
  2824 | Orc:1    | Reached skill level 5 in Translocations
  2824 | Orc:1    | Reached skill level 5 in Fire Magic
  2824 | Orc:1    | Reached skill level 5 in Ice Magic
  2824 | Orc:1    | Reached skill level 5 in Air Magic
  2824 | Orc:1    | Reached skill level 5 in Earth Magic
  2824 | Orc:1    | Reached skill level 5 in Poison Magic
  2829 | Orc:1    | Noticed an orc knight
  2839 | Orc:1    | Killed an orc knight
  2839 | Orc:1    | Reached skill level 8 in Spellcasting
  2875 | Orc:1    | Noticed an orc knight
  2909 | Orc:1    | Killed an orc knight
  3000 | Orc:1    | Bought a scroll of fog for 28 gold pieces
  3000 | Orc:1    | Bought a scroll of identify for 28 gold pieces
  3000 | Orc:1    | Bought a scroll of fog for 28 gold pieces
  3000 | Orc:1    | Bought a scroll of magic mapping for 49 gold pieces
  3000 | Orc:1    | Bought a scroll of teleportation for 42 gold pieces
  3014 | Orc:1    | Bought a scroll of blinking for 105 gold pieces
  3085 | Orc:2    | Noticed an orc knight
  3098 | Orc:2    | Reached skill level 7 in Invocations
  3100 | Orc:2    | Killed an orc knight
  3100 | Orc:2    | Reached skill level 7 in Fighting
  3100 | Orc:2    | Reached skill level 8 in Dodging
  3116 | Orc:2    | Noticed an orc sorcerer
  3149 | Orc:2    | Noticed Erolcha
  3172 | Orc:2    | Found a dark tunnel.
  3185 | Volcano  | Entered a volcano
  3247 | Volcano  | Noticed a salamander
  3257 | Volcano  | Killed a salamander
  3267 | Volcano  | Noticed a two-headed ogre
  3268 | Volcano  | Noticed a salamander
  3272 | Volcano  | Killed a two-headed ogre
  3272 | Volcano  | Reached XP level 12. HP: 90/90 MP: 21/24
  3314 | Volcano  | Noticed a two-headed ogre
  3322 | Volcano  | Reached skill level 7 in Transmutations
  3333 | Volcano  | Killed a two-headed ogre
  3337 | Volcano  | Reached skill level 7 in Short Blades
  3337 | Volcano  | Reached skill level 7 in Long Blades
  3337 | Volcano  | Reached skill level 7 in Axes
  3337 | Volcano  | Reached skill level 7 in Maces & Flails
  3337 | Volcano  | Reached skill level 7 in Polearms
  3337 | Volcano  | Reached skill level 7 in Staves
  3337 | Volcano  | Reached skill level 7 in Slings
  3337 | Volcano  | Reached skill level 7 in Bows
  3337 | Volcano  | Reached skill level 7 in Crossbows
  3337 | Volcano  | Reached skill level 7 in Throwing
  3337 | Volcano  | Reached skill level 7 in Armour
  3337 | Volcano  | Reached skill level 7 in Stealth
  3337 | Volcano  | Reached skill level 7 in Shields
  3337 | Volcano  | Reached skill level 7 in Evocations
  3377 | Volcano  | Noticed a fire dragon
  3403 | Volcano  | Killed a fire dragon
  3463 | Orc:2    | Killed Erolcha
  3516 | Orc:2    | Found a staircase to the Elven Halls.
  3537 | Orc:2    | Reached skill level 6 in Conjurations
  3537 | Orc:2    | Reached skill level 6 in Hexes
  3537 | Orc:2    | Reached skill level 6 in Charms
  3537 | Orc:2    | Reached skill level 6 in Summonings
  3537 | Orc:2    | Reached skill level 6 in Necromancy
  3537 | Orc:2    | Reached skill level 6 in Translocations
  3537 | Orc:2    | Reached skill level 6 in Fire Magic
  3537 | Orc:2    | Reached skill level 6 in Ice Magic
  3537 | Orc:2    | Reached skill level 6 in Air Magic
  3537 | Orc:2    | Reached skill level 6 in Earth Magic
  3537 | Orc:2    | Reached skill level 6 in Poison Magic
  3543 | Orc:2    | Reached skill level 8 in Invocations
  3638 | Orc:2    | Noticed an orc high priest
  3638 | Orc:2    | Noticed an orc high priest
  3646 | Orc:2    | Killed an orc high priest
  3646 | Orc:2    | Reached skill level 9 in Spellcasting
  3646 | Orc:2    | Killed an orc high priest
  3695 | Orc:2    | HP: 8/91 [orc knight/halberd of freezing (27)]
  3754 | Orc:2    | Noticed an orc high priest
  3761 | Orc:2    | Noticed a soul eater
  3763 | Orc:2    | Reached skill level 8 in Fighting
  3763 | Orc:2    | Reached skill level 10 in Unarmed Combat
  3772 | Orc:2    | Reached skill level 9 in Dodging
  3796 | Orc:2    | Killed an orc high priest
  3796 | Orc:2    | Reached XP level 13. HP: 30/97 MP: 17/26
  3812 | Orc:2    | Found Hulokiyl's Gadget Shoppe.
  3812 | Orc:2    | Found Qatyant's Book Shop.
  3814 | Orc:2    | Found Birisk's Magic Scroll Shoppe.
  3814 | Orc:2    | Found Yramaji's Food Shop.
  3825 | Orc:2    | Bought a book of Callings for 480 gold pieces
  3830 | Orc:2    | Learned a level 4 spell: Summon Lightning Spire
  3833 | Orc:2    | Bought a scroll of teleportation for 36 gold pieces
  3833 | Orc:2    | Bought a scroll of teleportation for 36 gold pieces
  3833 | Orc:2    | Bought a scroll of identify for 24 gold pieces
  3833 | Orc:2    | Bought a scroll of fog for 24 gold pieces
  3833 | Orc:2    | Bought a scroll of teleportation for 36 gold pieces
  3833 | Orc:2    | Bought a scroll of amnesia for 42 gold pieces
  3833 | Orc:2    | Bought a scroll of fear for 42 gold pieces
  3833 | Orc:2    | Bought a scroll of magic mapping for 42 gold pieces
  3833 | Orc:2    | Bought a scroll of teleportation for 36 gold pieces
  4088 | D:12     | Noticed galech's ghost (journeyman TrMo)
  4101 | D:12     | Killed galech's ghost
  4125 | D:12     | Found a flagged portal.
  4136 | Bailey   | Entered a bailey
  4357 | D:12     | Reached skill level 8 in Short Blades
  4357 | D:12     | Reached skill level 8 in Long Blades
  4357 | D:12     | Reached skill level 8 in Axes
  4357 | D:12     | Reached skill level 8 in Maces & Flails
  4357 | D:12     | Reached skill level 8 in Polearms
  4357 | D:12     | Reached skill level 8 in Staves
  4357 | D:12     | Reached skill level 8 in Slings
  4357 | D:12     | Reached skill level 8 in Bows
  4357 | D:12     | Reached skill level 8 in Crossbows
  4357 | D:12     | Reached skill level 8 in Throwing
  4357 | D:12     | Reached skill level 8 in Armour
  4357 | D:12     | Reached skill level 8 in Stealth
  4357 | D:12     | Reached skill level 8 in Shields
  4357 | D:12     | Reached skill level 8 in Evocations
  4542 | D:11     | Reached skill level 9 in Invocations
  4725 | D:9      | Killed Nr616's ghost
  4770 | D:8      | Noticed Psyche
  4778 | D:8      | Killed Psyche
  4860 | Lair:2   | Reached skill level 8 in Transmutations
  4870 | Lair:2   | Found a staircase to the Shoals.
  4899 | Shoals:1 | Entered Level 1 of the Shoals
  5036 | Shoals:2 | Reached skill level 7 in Conjurations
  5036 | Shoals:2 | Reached skill level 7 in Hexes
  5036 | Shoals:2 | Reached skill level 7 in Charms
  5036 | Shoals:2 | Reached skill level 7 in Summonings
  5036 | Shoals:2 | Reached skill level 7 in Necromancy
  5036 | Shoals:2 | Reached skill level 7 in Translocations
  5036 | Shoals:2 | Reached skill level 7 in Fire Magic
  5036 | Shoals:2 | Reached skill level 7 in Ice Magic
  5036 | Shoals:2 | Reached skill level 7 in Air Magic
  5036 | Shoals:2 | Reached skill level 7 in Earth Magic
  5036 | Shoals:2 | Reached skill level 7 in Poison Magic
  5050 | Shoals:2 | Reached ****** piety under Cheibriados
  5083 | Shoals:2 | Reached skill level 9 in Fighting
  5102 | Shoals:2 | Reached skill level 10 in Spellcasting
  5102 | Shoals:2 | Reached XP level 14. HP: 103/107 MP: 21/28
  5168 | Shoals:2 | Reached skill level 10 in Dodging
  5181 | Shoals:2 | Gained mutation: Scrolls take you a little longer to read. [potion of mutation]
  5181 | Shoals:2 | Gained mutation: You have large cloven feet. [potion of mutation]
  5240 | Shoals:1 | Reached skill level 11 in Unarmed Combat
  5241 | Shoals:1 | Reached skill level 9 in Short Blades
  5241 | Shoals:1 | Reached skill level 9 in Long Blades
  5241 | Shoals:1 | Reached skill level 9 in Axes
  5241 | Shoals:1 | Reached skill level 9 in Maces & Flails
  5241 | Shoals:1 | Reached skill level 9 in Polearms
  5241 | Shoals:1 | Reached skill level 9 in Staves
  5241 | Shoals:1 | Reached skill level 9 in Slings
  5241 | Shoals:1 | Reached skill level 9 in Bows
  5241 | Shoals:1 | Reached skill level 9 in Crossbows
  5241 | Shoals:1 | Reached skill level 9 in Throwing
  5241 | Shoals:1 | Reached skill level 9 in Armour
  5241 | Shoals:1 | Reached skill level 9 in Stealth
  5241 | Shoals:1 | Reached skill level 9 in Shields
  5241 | Shoals:1 | Reached skill level 9 in Evocations
  5250 | Shoals:1 | Noticed tidbits's ghost (journeyman GnIE)
  5262 | Shoals:1 | Killed tidbits's ghost
  5337 | Shoals:3 | HP: 2/108 [satyr/arrow (24)]
  5337 | Shoals:3 | Mangled by a merfolk impaler

Vault maps used:
D:1:      dpeg_arrival_rhombi, minmay_misc_feat_pillars
D:2:      lemuel_doored_altar, first_ration, minmay_box_of_dots, uniq_robin,
          uniq_sigmund
D:3:      minmay_misc_feat_nine_boxes, serial_park_tiny_2,
          okawaru_altar_gauntlet_db
D:4:      elyvilon_altar_1
D:5:      wad_river_or_something, minmay_temple_entry_grid
D:6:      dancing_weapons_uskayaw, basic_altar, nicolae_sextant, uniq_pikel,
          uniq_grinder
D:7:      marbit_many_paths, serial_shops, nicolae_shop_overgrown_old_shop,
          grunt_livestock, eino_jars
D:8:      nicolae_qazlal_style_of_elements, grunt_lair_entry_orc_guard_hut,
          serial_shops, kennysheep_mini_moat, uniq_psyche
D:10:     special_room
D:11:     david_orc_3, kennysheep_nondescript, minmay_another_anthill
D:12:     enter_bailey_3, pond
Temple:   minmay_crystal_spiral_temple
Lair:1:   grunt_megastairs_4, serial_bayou_shore_b, infiniplex_staircase_pool
Lair:2:   elwin_shoals_entry_rocks, grunt_megastairs_2
Shoals:1: uniq_aizul
Shoals:2: serial_shops, shop
Shoals:3: yaktaur_hedge
Orc:1:    serial_shops, shop
Orc:2:    grunt_orc_tribal_feast, nicolae_volcano_entry_batcave, uniq_erolcha
Bailey:   bailey_axe_2, bailey
Volcano:  pf_volcano_lost_world

Skill      XL: |  1  2  3  4  5  6  7  8  9 10 11 12 13 14 |
---------------+-------------------------------------------+-----
Spellcasting   | 5 6 7 8 9 10 | 10.3
Invocations    | 1 2 3 4 5 6 7 8 9 |  9.9
Short Blades   | 1 2 3 4 5 6 7 8 9 |  9.1
Long Blades    | 1 2 3 4 5 6 7 8 9 |  9.1
Axes           | 1 2 3 4 5 6 7 8 9 |  9.1
Maces & Flails | 1 2 3 4 5 6 7 8 9 |  9.1
Polearms       | 1 2 3 4 5 6 7 8 9 |  9.1
Staves         | 1 2 3 4 5 6 7 8 9 |  9.1
Slings         | 1 2 3 4 5 6 7 8 9 |  9.1
Bows           | 1 2 3 4 5 6 7 8 9 |  9.1
Crossbows      | 1 2 3 4 5 6 7 8 9 |  9.1
Throwing       | 1 2 3 4 5 6 7 8 9 |  9.1
Armour         | 1 2 3 4 5 6 7 8 9 |  9.1
Stealth        | 1 2 3 4 5 6 7 8 9 |  9.1
Shields        | 1 2 3 4 5 6 7 8 9 |  9.1
Conjurations   | 1 2 3 4 5 6 7 |  7.5
Hexes          | 1 2 3 4 5 6 7 |  7.5
Charms         | 1 2 3 4 5 6 7 |  7.5
Summonings     | 1 2 3 4 5 6 7 |  7.5
Necromancy     | 1 2 3 4 5 6 7 |  7.5
Translocations | 1 2 3 4 5 6 7 |  7.5
Fire Magic     | 1 2 3 4 5 6 7 |  7.5
Ice Magic      | 1 2 3 4 5 6 7 |  7.5
Air Magic      | 1 2 3 4 5 6 7 |  7.5
Earth Magic    | 1 2 3 4 5 6 7 |  7.5
Poison Magic   | 1 2 3 4 5 6 7 |  7.5
Evocations     | 1 2 3 4 5 6 7 8 9 |  9.1
Fighting       | 3 4 5 6 7 8 9 |  9.4
Transmutations | 4 5 6 7 8 |  8.5
Dodging        | 5 6 7 8 9 10 | 10.1
Unarmed Combat | 7 8 9 10 11 | 11.0

Action                   |  1- 3 |  4- 6 |  7- 9 | 10-12 | 13-15 || total
-------------------------+-------+-------+-------+-------+-------++-------
Melee: Unarmed           |    46 |    49 |   161 |   346 |   254 ||   856
       Bite              |     2 |     1 |    12 |    53 |    42 ||   110
       Kick              |     4 |       |     6 |       |     7 ||    17
       Headbutt          |     2 |       |       |       |     1 ||     3
       Punch             |       |     1 |     9 |    17 |    16 ||    43
       Dire flail        |       |       |       |    17 |     8 ||    25
       Dagger            |       |       |       |       |     4 ||     4
 Fire: Hunting sling     |     2 |       |       |       |       ||     2
Throw: Stone             |       |       |     4 |     5 |       ||     9
       Tomahawk          |       |       |       |    11 |    54 ||    65
 Cast: Beastly Appendage |     9 |       |     1 |       |     1 ||    11
       Sticks to Snakes  |     4 |     4 |     7 |    22 |     3 ||    40
       Spider Form       |     2 |     5 |     6 |       |       ||    13
       Ice Form          |       |       |     2 |       |       ||     2
       Blade Hands       |       |       |    11 |    48 |    33 ||    92
       Summon Lightning  |       |       |       |       |    17 ||    17
Invok: Bend Time         |       |       |     1 |     5 |       ||     6
       Slouch            |       |       |       |     8 |    11 ||    19
 Abil: End Transformatio |       |       |       |     2 |     6 ||     8
       Evoke Flight      |       |       |       |       |     1 ||     1
Evoke: Wand              |       |       |       |     5 |    11 ||    16
  Use: Potion            |     1 |     1 |     3 |     1 |     3 ||     9
       Scroll            |       |     3 |     5 |     7 |     5 ||    20
 Stab: Sleeping          |     1 |     1 |     4 |     6 |    11 ||    23
       Distracted        |       |     1 |     2 |     5 |     4 ||    12
  Eat: Chunk             |       |       |     6 |     9 |     6 ||    21
       Ration            |       |       |       |     2 |       ||     2
Armor: Robe              |     4 |     1 |       |       |       ||     5
       Skin              |       |     1 |    12 |       |       ||    13
       Leather armour    |       |       |    20 |    22 |       ||    42
       Troll leather arm |       |       |       |    15 |    30 ||    45
Dodge: Dodged            |    20 |    53 |   104 |   313 |   288 ||   778

Table legend:
 A = Spawn XP
 B = Non-spawn XP
 C = Spawn XP percentage of total XP
 D = Spawn monster count
 E = Non-spawn monster count
 F = Spawn count percentage of total count
 G = Total turns spent on level
                    A         B        C        D         E        F      G
               +---------+---------+-------+---------+---------+-------+---------
         Total |       0 |   68536 |   0.0 |       0 |     465 |   0.0 |  5337
               +---------+---------+-------+---------+---------+-------+---------
           D:1 |       0 |      20 |   0.0 |       0 |      10 |   0.0 |   201
           D:2 |       0 |      26 |   0.0 |       0 |       8 |   0.0 |    98
           D:3 |       0 |      13 |   0.0 |       0 |       1 |   0.0 |    11
           D:4 |       0 |      13 |   0.0 |       0 |       1 |   0.0 |    47
           D:5 |       0 |     316 |   0.0 |       0 |      10 |   0.0 |   150
           D:6 |       0 |      43 |   0.0 |       0 |       1 |   0.0 |   229
           D:7 |       0 |    1942 |   0.0 |       0 |      23 |   0.0 |   509
           D:8 |       0 |    2182 |   0.0 |       0 |      38 |   0.0 |   488
           D:9 |       0 |    3771 |   0.0 |       0 |      28 |   0.0 |   417
          D:10 |       0 |    2806 |   0.0 |       0 |      46 |   0.0 |   548
          D:11 |       0 |    5697 |   0.0 |       0 |      57 |   0.0 |   408
          D:12 |       0 |    5449 |   0.0 |       0 |      29 |   0.0 |   353
        Lair:1 |       0 |     191 |   0.0 |       0 |       2 |   0.0 |    30
        Lair:2 |       0 |     758 |   0.0 |       0 |       2 |   0.0 |    43
      Shoals:1 |       0 |    3294 |   0.0 |       0 |       9 |   0.0 |   179
      Shoals:2 |       0 |   16640 |   0.0 |       0 |      37 |   0.0 |   240
      Shoals:3 |       0 |    3065 |   0.0 |       0 |       6 |   0.0 |    19
         Orc:1 |       0 |    3125 |   0.0 |       0 |      42 |   0.0 |   322
         Orc:2 |       0 |   11479 |   0.0 |       0 |      54 |   0.0 |   576
        Bailey |       0 |     357 |   0.0 |       0 |      34 |   0.0 |   166
       Volcano |       0 |    7349 |   0.0 |       0 |      27 |   0.0 |   253
               +---------+---------+-------+---------+---------+-------+---------

Table legend:
 A = Turns spent in this place as a percentage of turns spent in the entire game.
 B = Non-inter-level travel turns spent in this place as a percentage of non-inter-level travel turns spent in the entire game.
 C = Inter-level travel turns spent in this place as a percentage of turns spent in this place.
 D = Turns resting spent in this place as a percentage of non-inter-level travel turns spent in this place.
 E = Turns spent auto-exploring this place as a percentage of non-inter-level travel turns spent in this place.
 F = Non-inter-level travel turns spent in this place divided by the number of levels of this place that you've seen.
                   A       B       C       D       E      F
               +-------+-------+-------+-------+-------+----------------------
         Total | 100.0 | 100.0 |   1.4 |   0.1 |   0.0 | 239.2
       Dungeon |  64.8 |  64.9 |   1.3 |   0.0 |   0.0 | 284.5
        Temple |   0.9 |   0.6 |  34.0 |   0.0 |   0.0 |  33.0
          Lair |   1.4 |   1.4 |   0.0 |   0.0 |   0.0 |  36.5
        Shoals |   8.2 |   8.3 |   0.0 |   0.9 |   0.0 | 146.0
  Orcish Mines |  16.8 |  16.8 |   1.3 |   0.0 |   0.0 | 443.0
        Bailey |   3.1 |   3.2 |   0.0 |   0.0 |   0.0 | 166.0
       Volcano |   4.7 |   4.8 |   0.0 |   0.0 |   0.0 | 253.0
               +-------+-------+-------+-------+-------+----------------------

Table legend:
 A = Kills in this place as a percentage of kills in entire the game.
 B = Kills by you in this place as a percentage of kills by you in the entire game.
 C = Kills by friends in this place as a percentage of kills by friends in the entire game.
 D = Other kills in this place as a percentage of other kills in the entire game.
 E = Experience gained in this place as a percentage of experience gained in the entire game.
 F = Experience gained in this place divided by the number of levels of this place that you have seen.
                   A       B       C       D       E      F
               +-------+-------+-------+-------+-------+----------------------
         Total | 100.0 | 100.0 | 100.0 | 100.0 | 100.0 | 3115.3
       Dungeon |  54.2 |  55.3 |  40.0 |   0.0 |  32.5 | 1856.5
          Lair |   0.9 |   0.9 |   0.0 |   0.0 |   1.4 | 474.5
        Shoals |  11.2 |   9.4 |  44.0 |   0.0 |  33.6 | 7666.3
  Orcish Mines |  20.6 |  20.8 |  16.0 |  50.0 |  21.3 | 7302.0
        Bailey |   7.3 |   7.8 |   0.0 |   0.0 |   0.5 | 357.0
       Volcano |   5.8 |   5.9 |   0.0 |  50.0 |  10.7 | 7349.0
               +-------+-------+-------+-------+-------+----------------------

Vault maps used:
D:1:      dpeg_arrival_rhombi, minmay_misc_feat_pillars
D:2:      lemuel_doored_altar, first_ration, minmay_box_of_dots, uniq_robin,
          uniq_sigmund
D:3:      minmay_misc_feat_nine_boxes, serial_park_tiny_2,
          okawaru_altar_gauntlet_db
D:4:      elyvilon_altar_1
D:5:      wad_river_or_something, minmay_temple_entry_grid
D:6:      dancing_weapons_uskayaw, basic_altar, nicolae_sextant, uniq_pikel,
          uniq_grinder
D:7:      marbit_many_paths, serial_shops, nicolae_shop_overgrown_old_shop,
          grunt_livestock, eino_jars
D:8:      nicolae_qazlal_style_of_elements, grunt_lair_entry_orc_guard_hut,
          serial_shops, kennysheep_mini_moat, uniq_psyche
D:10:     special_room
D:11:     david_orc_3, kennysheep_nondescript, minmay_another_anthill
D:12:     enter_bailey_3, pond
Temple:   minmay_crystal_spiral_temple
Lair:1:   grunt_megastairs_4, serial_bayou_shore_b, infiniplex_staircase_pool
Lair:2:   elwin_shoals_entry_rocks, grunt_megastairs_2
Shoals:1: uniq_aizul
Shoals:2: serial_shops, shop
Shoals:3: yaktaur_hedge
Orc:1:    serial_shops, shop
Orc:2:    grunt_orc_tribal_feast, nicolae_volcano_entry_batcave, uniq_erolcha
Bailey:   bailey_axe_2, bailey
Volcano:  pf_volcano_lost_world
